 Dungeon Crawl Stone Soup version 0.15-a0-1241-g1fa2302 (webtiles) character file.

455 zercules the Ruinous (level 6, -2/32 HPs)
             Began as a Deep Elf Conjurer on June 4, 2014.
             Slain by a gnoll
             ... wielding a +0,+0 halberd
              (9 damage)
             ... on Level 4 of the Dungeon.
             The game lasted 00:31:23 (3831 turns).

zercules the Ruinous (Deep Elf Conjurer)            Turns: 3831, Time: 00:31:23

HP  -2/32        AC  5     Str  5      XL: 6   Next: 76%
MP   0/21        EV 12     Int 22      God:
Gold 347         SH  0     Dex 12      Spells:  4 memorised,  4 levels left

rFire  . . .     SeeInvis .     s - staff of energy
rCold  . . .     Clarity  .     y - +2 robe
rNeg   . . .     rCorr    .     (no shield)
rPois  .         rRot     .     (no helmet)
rElec  .         Spirit   .     (no cloak)
SustAb .         Warding  .     e - +0 pair of gloves
rMut   .         Stasis   .     (no boots)
Gourm  .                        (no amulet)
MR     .....                    v - -3 ring of dexterity
                                q - ring of wizardry

@: not resistant to hostile enchantments, unstealthy
A: no striking features
a: no special abilities


You were on level 4 of the Dungeon.
You were hungry.

You visited 1 branch of the dungeon, and saw 4 of its levels.

You collected 347 gold pieces.

Inventory:

Hand weapons
 p - a +2,+2 hand axe of chopping
 t - a +1,+5 dagger
 w - a +0,+2 trident of dragon slaying
Armour
 e - a +0 pair of gloves (worn)
 y - a +2 robe (worn)
Comestibles
 b - 4 bread rations
 d - 3 meat rations
 f - 2 fruits
Scrolls
 h - 3 scrolls of remove curse
 i - 3 scrolls of fear
 m - a scroll of amnesia
 n - a scroll of blinking
Jewellery
 k - an uncursed ring of protection from fire {unknown}
 q - a ring of wizardry (left hand)
 v - a -3 ring of dexterity (right hand)
 z - an uncursed amulet of rage {unknown}
Potions
 a - a potion of curing
 c - a potion of restore abilities {unknown}
 g - a potion of flight {unknown}
 j - a potion of heal wounds
 r - a potion of might
 x - a potion of confusion {unknown}
Books
 l - a book of Changes

   Spells                             Type                      Level
   Beastly Appendage                  Transmutation                1
   Sticks to Snakes                   Transmutation                2
   Spider Form                        Transmutation/Poison         3
   Ice Form                           Ice/Transmutation            4
   Blade Hands                        Transmutation                5
Magical staves
 s - an uncursed staff of energy (weapon)


   Skills:
 - Level 2.4 Dodging
 - Level 2.4 Stealth
 - Level 5.9 Spellcasting
 + Level 6.5 Conjurations
 + Level 2.4 Charms
 - Level 3.7 Evocations


You had 4 spell levels left.
You knew the following spells:

 Your Spells              Type           Power        Failure   Level  Hunger
a - Magic Dart            Conj           ####         1%          1    None
b - Searing Ray           Conj           #####.       1%          2    None
c - Iskenderun's Mystic   Conj           #####...     3%          4    None
d - Iskenderun's Battles  Conj/Chrm      ####....     22%         5    None


Dungeon Overview and Level Annotations

Branches:
Dungeon (4/15)
 Temple: D:4-7

Altars:
Gozag

Shops:
D:4 [


Message History

Casting: Magic Dart
Confirm with . or Enter, or press ? or * to list all spells.
Aiming: Magic Dart
Press: ? - help, Shift-Dir - straight line, f/p - gnoll
Aim: a gnoll, wielding a halberd (heavily wounded)
The magic dart hits the gnoll.
The gnoll is almost dead.
The gnoll hits you from afar with a halberd.
* * * LOW HITPOINT WARNING * * *
Huge Dmg: -19%(-6hp) hp: 22%(7hp) Unknown command.
Casting: Magic Dart
Confirm with . or Enter, or press ? or * to list all spells.
Aiming: Magic Dart
Press: ? - help, Shift-Dir - straight line, f/p - gnoll
Aim: a gnoll, wielding a halberd (almost dead)
The magic dart hits the gnoll.
The gnoll is almost dead.
The gnoll hits you from afar with a halberd!
You die...

.# #######g###### .#
#.......o....# .#
#....:.......# .#
#............# .#
#........(...# .#
#............# .#
#............# )#
##########.### [#
####.@)g).# )#
#....###### %######
#%#### .....?#
####'#########
......###............#
.....[#>'............#
......#.#%...........#
.(....#.#...>........#
......'.#............#


You could see a gnoll.

Vanquished Creatures
  A phantom (D:4)
  3 orc wizards
  A gnoll shaman (D:4)
  3 worker ants (D:4)
  6 adders
  2 gnolls (D:4)
  A giant mite (D:1)
  2 worms (D:2)
  4 giant geckos
  17 orcs
  A giant cockroach (D:2)
  5 goblins
  9 hobgoblins
  6 kobolds
  4 quokkas
  8 bats
  A giant newt (D:1)
  A goblin skeleton (D:4)
  A hobgoblin skeleton (D:4)
  8 rats
  A plant (D:3)
85 creatures vanquished.

Notes
Turn   | Place    | Note
--------------------------------------------------------------
     0 | D:1      | zercules, the Deep Elf Conjurer, began the quest for the Orb.
     0 | D:1      | Reached XP level 1. HP: 10/10 MP: 5/5
   437 | D:1      | Reached XP level 2. HP: 15/15 MP: 1/8
   502 | D:1      | Learned a level 2 spell: Searing Ray
   797 | D:2      | Reached XP level 3. HP: 17/19 MP: 0/12
  1048 | D:2      | Reached skill level 5 in Spellcasting
  1173 | D:2      | Huge Dmg: 6 dmg
  1183 | D:2      | Huge Dmg: 1 dmg
  1186 | D:2      | Huge Dmg: 1 dmg
  1387 | D:2      | Found an opulent altar of Gozag.
  1559 | D:2      | Reached XP level 4. HP: 24/24 MP: 14/17
  1731 | D:2      | Reached skill level 5 in Conjurations
  1769 | D:2      | Learned a level 4 spell: Iskenderun's Mystic Blast
  2266 | D:3      | Reached skill level 1 in Evocations
  2502 | D:3      | Reached XP level 5. HP: 25/28 MP: 16/20
  2866 | D:4      | Found Epaismuh's Armour Shoppe.
  2912 | D:4      | Learned a level 5 spell: Iskenderun's Battlesphere
  3104 | D:4      | Huge Dmg: 5 dmg
  3105 | D:4      | Reached XP level 6. HP: 17/32 MP: 10/21
  3294 | D:4      | Noticed a phantom
  3327 | D:4      | Huge Dmg: 7 dmg
  3332 | D:4      | Killed a phantom
  3332 | D:4      | Reached skill level 6 in Conjurations
  3505 | D:4      | Huge Dmg: 8 dmg
  3512 | D:4      | Reached skill level 1 in Charms
  3817 | D:4      | Huge Dmg: 7 dmg
  3824 | D:4      | Huge Dmg: 9 dmg
  3831 | D:4      | Huge Dmg: 6 dmg
  3831 | D:4      | Slain by a gnoll

Action                   |  1- 3 |  4- 6 || total
-------------------------+-------+-------++-------
Melee: Unarmed           |     1 |       ||     1
       Hand axe          |       |    32 ||    32
 Cast: Magic Dart        |    68 |   142 ||   210
       Searing Ray       |       |     7 ||     7
Evoke: Staff of energy   |       |     1 ||     1
  Use: Scroll            |     5 |     6 ||    11
       Potion            |     1 |       ||     1
